 Dungeon Crawl Stone Soup version 0.20.1-1-g8b1a95d (webtiles) character file.

20 Irenicus the Slasher (level 2, 0/21 HPs)
             Began as an Octopode Chaos Knight on Oct 13, 2017.
             Slain by a gnoll
             ... wielding a +0 club
              (5 damage)
             ... on level 2 of the Dungeon.
             The game lasted 00:01:09 (713 turns).

Irenicus the Slasher (Octopode Chaos Knight)         Turns: 713, Time: 00:01:09

Health: 0/21       AC:  1    Str: 11    XL:     2   Next: 79%
Magic:  2/2        EV: 13    Int: 14    God:    Xom [..*...]
Gold:   78         SH:  0    Dex: 11    Spells: 1/1 levels left

rFire    . . .     SeeInvis .   a - +0 falchion (chaos)
rCold    . . .     Gourm    .   (no shield)
rNeg     . . .     Faith    .   (helmet restricted)
rPois    .         Spirit   .   (no amulet)
rElec    .         Reflect  .   (no ring)
rCorr    .         Harm     .   (no ring)
MR       .....                  (no ring)
Stlth    ++........             (no ring)
Regen    0.1/turn               (no ring)
MPRegen  0.1/turn               (no ring)
                                (no ring)
                                (no ring)

@: no status effects
A: almost no armour, stealthy swim, amphibious, 8 rings, constrict 8, camouflage
1, gelatinous body 1
a: Renounce Religion


You were on level 2 of the Dungeon.
You worshipped Xom.
You were a toy of Xom.
You were not hungry.

You visited 1 branch of the dungeon, and saw 2 of its levels.

You collected 78 gold pieces.

Inventory:

Hand Weapons
 a - a +0 falchion of chaos (weapon)
Jewellery
 g - an uncursed ring of stealth {unknown}
Scrolls
 h - a scroll of remove curse {unknown}
 j - 3 scrolls of enchant armour {unknown}
 k - a scroll of amnesia {unknown}
Potions
 e - 2 potions of curing {unknown}
 f - a potion of invisibility {unknown}
 i - 2 potions of flight {unknown}
Comestibles
 b - a bread ration
 c - a meat ration
 d - 2 fruits


   Skills:
 - Level 3.0 Fighting
 + Level 4.0 Long Blades
 - Level 2.3 Dodging


You had one spell level left.
You didn't know any spells.

Dungeon Overview and Level Annotations

Branches:
Dungeon (2/15)

Altars:


Innate Abilities, Weirdness & Mutations

You cannot wear most types of armour.
You are very stealthy in the water. (Stealth+)
You are amphibious.
You can wear up to eight rings at the same time.
You can use your tentacles to constrict eight enemies at once.
Your skin changes colour to match your surroundings (Stealth+).
Your rubbery body absorbs attacks. (AC +1, EV +1)


Message History

Your Long Blades skill increases to level 4! 3 gnolls come into view.
A gnoll is wielding a flail of protection.
The gnoll hits you with a club!
The gnoll shouts!
You barely miss the gnoll. Your grab misses the gnoll.
The gnoll shouts!
The gnoll misses you. x2; You riposte.
You hit the gnoll but do no damage. You grab the gnoll. You squeeze the gnoll.
The gnoll is lightly wounded.
You hit the gnoll. You freeze the gnoll.
The gnoll is heavily wounded.
You constrict the gnoll.
You hear Xom's avuncular chuckle.
The gnoll is moving more slowly.
The gnoll hits you from afar with a spear.
* * * LOW HITPOINT WARNING * * *
The gnoll hits you with a club.
You die...
Xom chuckles heartily!

# #.#### #ggg.#
####@# ####....#
#.......#...#
#.##...##...#
#...........#
###.....#...#
#######.###.#...#
...............#
...####...#.#..####


You could see 3 gnolls.

Vanquished Creatures
  A leopard gecko (D:1)
  4 goblins (D:1)
  A hobgoblin (D:2)
  2 kobolds (D:1)
  A ball python (D:1)
  5 bats (D:1)
  2 frilled lizards (D:1)
  3 rats (D:1)
19 creatures vanquished.

Notes
Turn   | Place    | Note
-------+----------+-------------------------------------------
     0 | D:1      | Irenicus the Octopode Chaos Knight began the quest for the Orb.
     0 | D:1      | Reached XP level 1. HP: 16/16 MP: 1/1
    22 | D:1      | XOM: potion effect (berserk rage)
    59 | D:1      | Reached XP level 2. HP: 20/21 MP: 2/2
    76 | D:1      | XOM: divination: detect creatures
   127 | D:1      | XOM: divination: detect creatures
   276 | D:1      | XOM: harmless Chrm miscast
   623 | D:1      | XOM: harmless Ice miscast
   657 | D:1      | XOM: harmless Pois miscast
   697 | D:2      | Reached skill level 4 in Long Blades
   713 | D:2      | XOM: enchant monster (good)
   713 | D:2      | Slain by a gnoll

Skill      XL: |  1  2 |
---------------+-------+-----
Long Blades    | 4 |  4.0
Fighting       | |  3.0
Dodging        | |  2.3

Action                   || total
-------------------------++-------
Melee: Falchion          ||    28
       Tentacles         ||     7
       Constrict         ||    10
 Stab: Sleeping          ||     4
Armor: Skin              ||     5
Dodge: Dodged            ||    18
       Rpst.: Falchion   ||     4
